Map: Lerilak Crest

Players

Neuro - Winner!

  • Race: Zerg Zerg

Zurgin

  • Race: Zerg Zerg

VOD

http://www.twitch.tv/neurostarcraft/v/3984988

Description

Time

  • Played on: April 3, 2015, 6:51 p.m.
  • Length: 6:13
Show
View Real Time Build Order
Export as new Build Order

Neuro Zerg - Winner!

Build Orders: Hatch First, Roach Nydus 

Get SALT Encoding   

  12  0:02  Drone  
  13  0:12  Overlord  
  13  0:17  Drone  
  14  0:30  Drone x2  
  14  0:35  Drone  
  17  0:52  Hatchery  
  17  0:55  Drone  
  17  1:09  Spawning Pool  
  16  1:11  Drone  
  16  1:16  Drone  
  18  1:19  Drone, Extractor  
  18  1:29  Drone  
  19  1:41  Drone  
  20  1:50  Overlord  
  20  1:57  Queen  
  22  2:04  Roach Warren  
  22  2:06  Queen  
  23  2:10  Drone x2  
  23  2:12  Drone  
  26  2:21  Spine Crawler  
  25  2:27  Zergling x2  
  25  2:28  Zergling x4  
  28  2:56  Roach x5  
  35  3:09  Overlord x2  
  35  3:34  Extractor  
  35  3:35  Drone x3  
  35  3:37  Lair  
  37  3:49  Overlord  
  37  4:01  Drone x2  
  39  4:21  Roach x5  
  49  4:35  Queen  
  49  4:37  Nydus Network  
  49  4:38  Overlord x2  
  50  4:54  Roach  
  50  4:55  Roach  
  50  4:59  Overlord x2  
  54  5:10  Roach x2  
  54  5:13  Nydus Canal  
  58  5:38  Spine Crawler  
  57  5:49  Nydus Canal  
  57  5:59  Spine Crawler  
  57  6:00  Ravager x2  
Show
View Real Time Build Order
Export as new Build Order

Zurgin Zerg 

Build Orders: Pool First, Zergling Baneling 

Get SALT Encoding   

  12  0:01  Drone  
  13  0:09  Drone  
  14  0:18  Extractor  
  14  0:20  Drone  
  14  0:25  Overlord  
  14  0:40  Spawning Pool  
  13  0:44  Drone  
  13  0:49  Drone  
  15  0:54  Drone  
  16  1:00  Drone  
  17  1:06  Drone  
  18  1:27  Metabolic Boost, Queen  
  18  1:29  Zergling x2  
  18  1:32  Zergling x2  
  22  1:39  Overlord  
  22  1:52  Baneling Nest  
  21  1:56  Drone  
  23  2:01  Zergling x2  
  23  2:12  Zergling x2  
  24  2:23  Zergling x2  
  25  2:34  Zergling x2  
  26  2:39  Baneling  
  26  2:44  Zergling x8  
  29  2:54  Zergling x2  
  29  3:01  Baneling x2  
  29  3:06  Overlord  
  29  3:12  Overlord  
  28  3:20  Hatchery  
  24  3:31  Zergling x2  
  24  3:32  Zergling x6  
  28  3:46  Lair  
  28  3:50  Roach Warren  
  27  4:00  Drone x4  
  31  4:03  Extractor  
  31  4:21  Drone  
  31  4:22  Drone x4  
  35  4:35  Drone x2  
  37  4:44  Glial Reconstitution  
  37  4:46  Roach x2  
  41  5:05  Extractor  
  40  5:07  Drone x3  
  40  5:08  Drone x3  
  40  5:13  Roach  
  48  5:17  Queen  
  50  5:21  Overlord  
  48  5:36  Roach x2  
  48  5:37  Roach  
  47  5:48  Roach x4  
  47  5:49  Roach  
Tags
 
Add a new tag
Caveats
  • Supply blocks, unpowered buildings, or Contaminate may cause inaccurate times.
  • Supply counts are checked every 10 seconds.